 Dungeon Crawl Stone Soup version 0.28.0-53-g5a82cb258f (webtiles) character file.

Game seed: 166966096044252783

36 MiltankisOP the Insei (level 3, 0/23 HPs)
             Began as an Octopode Transmuter on July 12, 2022.
             Succumbed to an adder's poison
             ... on level 2 of the Dungeon.
             The game lasted 00:01:23 (1308 turns).

MiltankisOP the Insei (Octopode Transmuter)         Turns: 1308, Time: 00:01:24

Health: 0/23       AC:  1    Str:  9    XL:     3   Next: 37%
Magic:  5/6        EV: 13    Int: 15    God:
Gold:   67         SH:  0    Dex: 14    Spells: 5/6 levels left

rFire   + . .      SeeInvis .     - Unarmed
rCold   + . .      Faith    .   (no shield)
rNeg    . . .      Spirit   .   (helmet currently unavailable)
rPois   +          Reflect  .   (no amulet)
rElec   +          Harm     .   (no ring)
rCorr   +          Rampage  .   (no ring)
Will    .....                   (no ring)
Stlth   ++........              (no ring)
HPRegen 0.07/turn               (no ring)
MPRegen 0.10/turn               (no ring)
                                (no ring)
                                (no ring)

@: lethally poisoned (0 -> -9), appendages (expiring), resistant
A: tentacle spike 3, almost no armour, amphibious, 8 rings, camouflage 1,
gelatinous body 1, (nimble swimmer 1), tentacles
a: End Transformation


You were on level 2 of the Dungeon.
One of your tentacles had grown a beastly spike.
You visited 1 branch of the dungeon, and saw 2 of its levels.

You collected 67 gold pieces.

Inventory:

Scrolls
 b - a scroll of blinking {unknown}
 d - a scroll of summoning {unknown}
 e - a scroll of silence {unknown}
 g - a scroll of enchant weapon {unknown}
Potions
 a - a potion of flight {unknown}
 c - a potion of cancellation {unknown}


   Skills:
 - Level 1.0 Fighting
 - Level 2.0 Dodging
 - Level 3.0 Unarmed Combat
 - Level 2.0 Spellcasting
 + Level 2.9 Transmutations
 + Level 2.4 Poison Magic


You had 5 spell levels left.
You knew the following spells:

 Your Spells              Type           Power      Damage    Failure   Level
a - Beastly Appendage     Tmut           20%        N/A       7%          1

Your spell library contained the following spells:

 Spells                   Type           Power      Damage    Failure   Level
 Wereblood                Tmut           10%        N/A       10%         2
 Spider Form              Tmut/Pois      9%         N/A       22%         3
 Ice Form                 Ice/Tmut       5%         N/A       77%         4


Dungeon Overview and Level Annotations

Branches:
Dungeon (2/15)

Altars:


Innate Abilities, Weirdness & Mutations

One of your tentacles has grown a beastly spike.
You cannot wear most types of armour.
You are amphibious.
You can wear up to eight rings at the same time.
Your skin changes colour to match your surroundings (Stealth+).
Your rubbery body absorbs attacks. (AC +1, EV +1)
((You are camouflaged when in or above water. (Stealth+)))
You have tentacles for arms and can constrict up to eight enemies at once.


Message History

You closely miss the giant cockroach. You grab the giant cockroach.
You pierce the giant cockroach.
You kill the giant cockroach!
You see here a jackal corpse.
Your transformation is almost over.
Magic restored.
Your tentacle spike disappears.
An adder comes into view.
An adder is nearby!
A goblin comes into view. It is wielding a +0 dagger.
Casting: Beastly Appendage (safe; 7% risk of failure)
Confirm with . or Enter, or press ? or * to list all spells.
One of your tentacles grows a vicious spike.
The goblin shouts!
The adder closely misses you.
You miss the adder. Your grab misses the adder.
You pierce the adder.
The adder is heavily wounded.
The adder bites you.
You tentacle-slap the adder but do no damage.
Your grab misses the adder.
Your tentacle spike misses the adder.
Your squeeze misses the adder.
The adder is heavily wounded.
The adder barely misses you. The adder bites you.
You are poisoned.
The adder poisons you!
You tentacle-slap the adder but do no damage.
Your grab misses the adder.
Your tentacle spike misses the adder.
The adder is heavily wounded.
Your transformation is almost over.
You feel sick. The adder bites you.
* * * LOW HITPOINT WARNING * * *
You are more poisoned.
The adder poisons you!
You tentacle-slap the adder. Your grab misses the adder.
The adder is heavily wounded.
* * * LOW HITPOINT WARNING * * *
You feel sick. The adder closely misses you.
It was a potion of resistance.
You feel protected.
You die...

#####
#... .#
#... ..
#..# .#
#..####.#
#..†@S#.#
#.###g#.#
#.###.#.#
#.......#
#####.###
##.##
##...####
#.<.....+
##...####


You could see an adder and a goblin.

Vanquished Creatures
  2 dart slugs (D:1)
  3 giant cockroaches
  3 hobgoblins (D:1)
  6 jackals
  3 kobolds (D:1)
  4 bats (D:1)
  3 frilled lizards (D:1)
  6 goblins (D:1)
30 creatures vanquished.

Notes
Turn   | Place    | Note
-------+----------+-------------------------------------------
     0 | D:1      | MiltankisOP the Octopode Transmuter began the quest for the
                  | Orb.
     0 | D:1      | Reached XP level 1. HP: 13/13 MP: 3/3
    36 | D:1      | Reached skill level 1 in Poison Magic
    39 | D:1      | Reached XP level 2. HP: 15/18 MP: 5/5
   430 | D:1      | Reached XP level 3. HP: 23/23 MP: 4/6
  1308 | D:2      | Succumbed to an adder's poison

Illustrated notes

Levels and vault maps discovered:
D:1:      evilmike_arrival_crescent, layout_loops_corners, st_stairs_6,
          minmay_liquid_box, minmay_hexomino_c4
D:2:      layout_loops_corners, hellmonk_ecumenical_altar_leap_of_faith,
          minmay_diced_spiral, uniq_robin

Skill      XL: |  1  2 |
---------------+-------+-----
Poison Magic   | 1 2 |  2.4
Fighting       | |  1.0
Dodging        | |  2.0
Unarmed Combat | |  3.0
Spellcasting   | |  2.0
Transmutations | |  2.9

Action                   || total
-------------------------++-------
Melee: Unarmed           ||    65
       Constrict         ||    19
       Kick              ||    17
       Tentacles         ||    12
 Cast: Beastly Appendage ||    14
  Use: Potion            ||     1
 Stab: Sleeping          ||     3
Armor: Skin              ||     8
Dodge: Dodged            ||    43
